 Dungeon Crawl Stone Soup version 0.26-b1-32-g5d43845318 (webtiles) character file.

Game seed: 480908971291783127

27 Aviak the Skirmisher (level 3, 0/34 HPs)
             Began as a Tengu Abyssal Knight on Jan 12, 2021.
             Was a Follower of Lugonu.
             Slain by an adder (5 damage)
             ... on level 2 of the Dungeon.
             The game lasted 00:01:07 (1170 turns).

Aviak the Skirmisher (Tengu Abyssal Knight)         Turns: 1170, Time: 00:01:08

Health: 0/34       AC:  2    Str: 12    XL:     3   Next: 10%
Magic:  14/14      EV: 12    Int: 12    God:    Lugonu [*.....]
Gold:   83         SH:  0    Dex: 14    Spells: 2/2 levels left

rFire    . . .     SeeInvis .   a - +1 spear
rCold    . . .     Faith    .   (no shield)
rNeg     . . .     Spirit   .   i - +0 robe (curse)
rPois    .         Reflect  .   (helmet restricted)
rElec    .         Harm     .   (no cloak)
rCorr    .         Rampage  .   (no gloves)
Will     .....                  (boots unavailable)
Stlth    ..........             (no amulet)
HPRegen  0.11/turn              k - ring of magical power
MPRegen  0.14/turn              (no ring)

@: berserking, lethally poisoned (0 -> -8), very quick
A: beak, talons 3
a: Renounce Religion, Depart the Abyss


You were on level 2 of the Dungeon.
You worshipped Lugonu.
Lugonu was aware of your devotion.
You visited 1 branch of the dungeon, and saw 2 of its levels.
You visited the Abyss 1 time.

You collected 83 gold pieces.

Inventory:

Hand Weapons
 a - a +1 spear (weapon)
Armour
 b - a +0 leather armour
 i - a cursed +0 robe (worn)
 m - a +0 ring mail
Jewellery
 k - a ring of magical power (left hand)
Scrolls
 c - a scroll of remove curse {unknown}
 d - a scroll of identify {unknown}
 e - a scroll of enchant armour {unknown}
 f - a scroll of blinking {unknown}
 h - a scroll of magic mapping {unknown}
 j - a scroll of fog {unknown}
 n - a scroll of enchant weapon {unknown}
 t - 2 scrolls of teleportation


   Skills:
 + Level 3.4 Fighting
 + Level 2.8 Polearms
 - Level 2.1 Armour
 + Level 2.0 Dodging
 - Level 1.5 Invocations


You had 2 spell levels left.
You didn't know any spells.
Your spell library was empty.

Dungeon Overview and Level Annotations

Branches:
Dungeon (2/15)

Altars:
Nemelex Xobeh


Innate Abilities, Weirdness & Mutations

You have a beak for a mouth.
You have claws for feet.


Message History

The kobold throws a stone.
The stone hits you. The adder closely misses you.
You miss the adder. Your kick misses the adder. Your peck misses the adder.
The adder is heavily wounded.
You feel sick.
The kobold throws a stone.
The stone misses you. The adder bites you.
You hit the adder.
The adder is almost dead.
The adder bites you.
You are lethally poisoned!
The adder poisons you!
You miss the adder.
The adder is almost dead.
You feel sick. The adder bites you.
* * * LOW HITPOINT WARNING * * *
The adder bites you.
* * * LOW HITPOINT WARNING * * *
It was a potion of berserk rage.
A red film seems to cover your vision as you go berserk!
You feel yourself moving faster!
You feel mighty! The adder bites you.
You die...

......#...$...
.............
............
....$......
..........
.........
#..K^!.S#
#......@#
#########


You could see an adder and a kobold.

Vanquished Creatures
  A leopard gecko (D:1)
  5 bats
  2 giant cockroaches (D:1)
  A goblin (D:1)
  3 hobgoblins (D:1)
  A frilled lizard (D:2)
  5 kobolds (D:1)
  7 rats (D:1)
25 creatures vanquished.

Notes
Turn   | Place    | Note
-------+----------+-------------------------------------------
     0 | Abyss:1  | Aviak the Tengu Abyssal Knight began the quest for the Orb.
     0 | Abyss:1  | Reached XP level 1. HP: 14/14 MP: 3/3
    49 | Abyss:1  | Noticed a small abomination
    59 | Abyss:1  | Noticed a smoke demon
    61 | D:1      | Escaped the Abyss
   385 | D:1      | Reached XP level 2. HP: 15/19 MP: 4/4
   594 | D:1      | Reached * piety under Lugonu
   858 | D:1      | Reached XP level 3. HP: 14/23 MP: 5/5
  1077 | D:1      | Found a sparkling altar of Nemelex Xobeh.
  1170 | D:2      | Slain by an adder

Illustrated notes

Levels and vault maps discovered:
D:1:      minmay_arrival_jagged, layout_rooms, grunt_decor_junction,
          nemelex_altar_shiori
D:2:      layout_basic

Skill      XL: |  1  2 |
---------------+-------+-----
Dodging        | 2 |  2.0
Fighting       | |  3.4
Polearms       | |  2.8
Armour         | |  2.1
Invocations    | |  1.5

Action                   || total
-------------------------++-------
Melee: Spear             ||    79
       Kick              ||    11
       Peck              ||     3
Invok: Depart the Abyss  ||     1
  Use: Scroll            ||     1
       Potion            ||     1
 Stab: Sleeping          ||     2
Armor: Leather armour    ||     4
       Robe              ||     6
Dodge: Dodged            ||    36
